 Dungeon Sprint DCSS version 0.23.0-3-gf3c87f2 (webtiles) character file.

Game seed: 4987731859592380734

57 nuthulu the Sneak (level 4, -13/25 HPs)
             Began as a Vine Stalker Assassin on Feb 24, 2019.
             Killed from afar by an oklob sapling priest (16 damage)
             ... with a splash of acid
             ... in the Dungeon (Sprint IV: "Fedhas' Mad Dash").
             The game lasted 00:00:56 (84 turns).

nuthulu the Sneak (Vine Stalker Assassin)             Turns: 84, Time: 00:00:57

Health: -13/25     AC: -1    Str: 13    XL:     4   Next: 0%
Magic:  0/5        EV: 13    Int: 11    God:
Gold:   45         SH:  0    Dex: 17    Spells: 3/3 levels left

rFire    . . .     SeeInvis .   a - +2 dagger
rCold    . . .     Gourm    .   (no shield)
rNeg     . . .     Faith    .   c - +0 robe
rPois    .         Spirit   +   (no helmet)
rElec    .         Reflect  .   d - +0 cloak
rCorr    .         Harm     .   (no gloves)
MR       .....     NoTele   +   (no boots)
Stlth    ++++......             p - amulet of invisibility {+Inv}
HPRegen  0.48/turn              (no ring)
MPRegen  0.09/turn              (no ring)

@: corroded, very slightly contaminated, invisible (expiring)
A: fangs 2, regeneration 1, magic shield, antimagic bite, no potion heal 3, rot
immunity
a: no special abilities


You were in the Dungeon.
You were not hungry.

You visited 1 branch You collected 45 gold pieces.

Inventory:

Hand Weapons
 a - a +2 dagger (weapon)
 b - a +0 blowgun
Missiles
 e - 8 poisoned needles
 n - 2 curare-tipped needles
Armour
 c - a +0 robe (worn)
 d - a +0 cloak (worn)
Jewellery
 p - the amulet of invisibility (around neck) {+Inv}
   (You found it in the Dungeon)

   [amulet of nothing]

   It lets you turn invisible.
Scrolls
 m - a scroll of blinking
 o - a scroll of identify {unknown}
Potions
 h - a potion of curing
 i - a potion of heal wounds
 j - a potion of haste
 k - 2 potions of magic
 l - a potion of berserk rage
Comestibles
 f - 4 chunks of flesh
 g - a ration


   Skills:
 + Level 3.7 Fighting
 + Level 3.7 Short Blades
 - Level 1.7 Throwing
 + Level 3.0 Dodging
 + Level 6.8 Stealth


You had 3 spell levels left.
You didn't know any spells.
Your spell library was empty.

Dungeon Overview and Level Annotations

Branches:
Dungeon (1/1)

Altars:
Cheibriados
Dithmenos
Elyvilon
Gozag
Hepliaklqana
Kikubaaqudgha
Makhleb
Nemelex Xobeh
Okawaru
Qazlal
Ru
Sif Muna
Trog
Uskayaw
Vehumet
Wu Jian
Xom
Yredelemnul
Zin
The Shining One
Beogh
Jiyva
Lugonu

Annotations:
D exclusion: oklob sapling


Innate Abilities, Weirdness & Mutations

You have extremely sharp teeth.
Your natural rate of healing is unusually fast.
When hurt, damage is shared between your health and your magic reserves.
Your bite disrupts and absorbs the magic of your enemies.
Potions cannot restore your health.
You are immune to rotting.


Message History

There is a sparkling altar of Nemelex Xobeh here.
You hit the oklob sapling priest but do no damage.
You bite the oklob sapling priest, but do no damage.
You hit the oklob sapling priest but do no damage.
You bite the oklob sapling priest, but do no damage.
You flicker for a moment.
There is a viscous altar of Jiyva here.
The oklob sapling priest spits acid at you.
The splash of acid hits you!
Ouch! That really hurt!
The acid corrodes you!
You are splashed with acid!
* * * LOW HITPOINT WARNING * * *
There is an iron altar of Okawaru here.
You hit the oklob sapling priest.
You bite the oklob sapling priest, but do no damage.
The oklob sapling priest is lightly damaged.
The oklob sapling priest spits acid at you.
The splash of acid hits you!
Ouch! That really hurt!
You die...

#######################
..#.....#.⌠._._._._.⌠.#
..+.#(..'.._._._._._..+
..#.#...#..._._P@._...#
######+##.._._._._._..#
#._._._._._.⌠.#
###############


You could see an oklob sapling priest.

Vanquished Creatures
  An oklob sapling (D)
  A worker ant (D)
  A river rat (D)
  A rat (D)
4 creatures vanquished.

Notes
Turn   | Place    | Note
-------+----------+-------------------------------------------
     0 | D        | nuthulu the Vine Stalker Assassin began the quest for the
                  | Orb.
     0 | D        | Reached XP level 1. HP: 11/11 MP: 2/2
    11 | D        | Reached skill level 1 in Dodging
    11 | D        | Reached skill level 5 in Stealth
    11 | D        | Reached XP level 2. HP: 16/16 MP: 3/3
    43 | D        | Noticed an oklob sapling
    45 | D        | Killed an oklob sapling
    45 | D        | Reached skill level 6 in Stealth
    45 | D        | Reached XP level 3. HP: 20/20 MP: 4/4
    49 | D        | Found the amulet of invisibility {+Inv}
    50 | D        | Gained mutation: Your natural rate of healing is unusually
                  | fast. [Vine Stalker growth]
    50 | D        | Reached XP level 4. HP: 25/25 MP: 5/5
    72 | D        | Found an opulent altar of Gozag.
    72 | D        | Found a hazy altar of Hepliaklqana.
    72 | D        | Found a burning altar of Makhleb.
    72 | D        | Found a roughly hewn altar of Beogh.
    72 | D        | Found a sparkling altar of Nemelex Xobeh.
    72 | D        | Found a snail-covered altar of Cheibriados.
    72 | D        | Found a sacrificial altar of Ru.
    72 | D        | Found a deep blue altar of Sif Muna.
    72 | D        | Found a shimmering altar of Xom.
    72 | D        | Found a basalt altar of Yredelemnul.
    73 | D        | Found a viscous altar of Jiyva.
    73 | D        | Found a bloodstained altar of Trog.
    73 | D        | Found an ornate altar of the Wu Jian Council.
    73 | D        | Noticed an oklob sapling priest
    74 | D        | Found an iron altar of Okawaru.
    74 | D        | Found a shadowy altar of Dithmenos.
    74 | D        | Found a glowing silver altar of Zin.
    75 | D        | Found a hide-covered altar of Uskayaw.
    75 | D        | Found an ancient bone altar of Kikubaaqudgha.
    76 | D        | Found a stormy altar of Qazlal.
    76 | D        | Found a glowing golden altar of the Shining One.
    76 | D        | Found a white marble altar of Elyvilon.
    77 | D        | Found a radiant altar of Vehumet.
    77 | D        | Found a corrupted altar of Lugonu.
    84 | D        | Killed from afar by an oklob sapling priest

Skill      XL: |  1  2  3 |
---------------+----------+-----
Fighting       | 2 3 |  3.7
Short Blades   | 2 3 |  3.7
Dodging        | 1 2 3 |  3.0
Stealth        | 5 6 |  6.8
Throwing       | |  1.7

Action                   |  1- 3 |  4- 6 || total
-------------------------+-------+-------++-------
Melee: Dagger            |     6 |     3 ||     9
       Bite              |     1 |     3 ||     4
 Fire: Blowgun           |     2 |       ||     2
 Abil: Evoke Invisibilit |       |     1 ||     1
 Stab: Sleeping          |     2 |       ||     2
Armor: Robe              |     1 |       ||     1
Dodge: Dodged            |     2 |       ||     2
